 Dungeon Sprint DCSS version 0.28-a0-233-gb8ca4b6547 (webtiles) character file.

Game seed: 1669509166798575357

137 tbh1313 the Basher (level 5, -1/67 HPs)
             Began as a Minotaur Berserker on Aug 22, 2021.
             Was a Priest of Trog.
             Slain by a sixfirhy (8 damage)
             ... summoned by a kobold demonologist
             ... in the Dungeon (Sprint III: "The Ten Rune Challenge").
             The game lasted 00:01:06 (383 turns).

tbh1313 the Basher (Minotaur Berserker)              Turns: 383, Time: 00:01:06

Health: -1/67      AC:  6    Str: 21    XL:     5   Next: 0%
Magic:  4/4        EV: 11    Int:  5    God:    Trog [***...]
Gold:   32         SH:  0    Dex: 10    Spells: 4/4 levels left

rFire   . . .      SeeInvis .   a - +0 mace
rCold   . . .      Faith    .   (no shield)
rNeg    . . .      Spirit   .   i - +0 ring mail
rPois   .          Reflect  .   (helmet restricted)
rElec   .          Harm     .   b - +0 cloak
rCorr   .          Rampage  .   (no gloves)
Will    ++...      NoTele   +   (no boots)
Stlth   ..........              (no amulet)
HPRegen 1.21/turn               (no ring)
MPRegen 0.09/turn               (no ring)

@: berserking, strong-willed, regenerating, very quick
A: horns 2, retaliatory headbutt
a: Renounce Religion, Berserk, Trog's Hand


You were in the Dungeon.
You worshipped Trog.
Trog was most pleased with you.
You visited 1 branch You collected 32 gold pieces.

Inventory:

Hand Weapons
 a - a +0 mace (weapon)
Armour
 b - a +0 cloak (worn)
 i - a +0 ring mail (worn)
Scrolls
 h - a scroll of blinking
 k - 2 scrolls of torment {unknown}
 l - a scroll of enchant weapon {unknown}
 m - 2 scrolls of identify
Potions
 c - a potion of curing
 d - a potion of heal wounds
 e - a potion of haste
 f - 2 potions of magic
 g - a potion of berserk rage
 j - 5 potions of mutation {unknown}
 n - a potion of flight {unknown}


   Skills:
 - Level 3.6 Fighting
 + Level 12.1 Maces & Flails
 - Level 2.4 Armour
 - Level 2.1 Dodging


You had 4 spell levels left.
You didn't know any spells.
Your spell library was empty.

Dungeon Overview and Level Annotations

Branches:
Dungeon (1/1)

Altars:
Kikubaaqudgha
Sif Muna
Vehumet


Innate Abilities, Weirdness & Mutations

You have a pair of horns on your head.
You reflexively headbutt those who attack you in melee.


Message History

Your movement speed is average.
Your attack delay is about 0.7.
There is an open door to the Ecumenical Temple here.
Your skin crawls.
You feel strong-willed.
You open the door.
A wizard comes into view. It is wielding a +0 dagger.
The wizard shouts!
Found a Young Poisoner's Handbook.
Found three altars.
You closely miss the wizard. Your headbutt misses the wizard.
The wizard hits you with a +0 dagger.
A kobold demonologist comes into view. It is wielding a +0 dagger.
You closely miss the wizard.
The kobold demonologist shouts!
The kobold demonologist casts a spell.
The wizard mumbles some strange words.
The wizard flickers and vanishes!
Deactivating autopickup; reactivate with Ctrl-A.
You miss something. Something hits you but does no damage.
You hit something but do no damage. Your headbutt misses something.
You sock something!
The sixfirhy hits you but does no damage. x2
You closely miss the sixfirhy.
A red film seems to cover your vision as you go berserk!
You feel yourself moving faster!
You feel mighty!
You closely miss the sixfirhy. You miss the sixfirhy.
Your headbutt misses the sixfirhy. The sixfirhy hits you.
The sixfirhy shocks you!
You miss the sixfirhy. The sixfirhy hits you! The sixfirhy shocks you!
The sixfirhy hits you but does no damage.
You closely miss the sixfirhy. Your headbutt misses the sixfirhy.
The sixfirhy hits you but does no damage.
The sixfirhy misses you. You furiously retaliate!
You headbutt the sixfirhy!! You sock the sixfirhy!
Your headbutt misses the sixfirhy.
The sixfirhy is almost dead.
The sixfirhy hits you. The sixfirhy shocks you! The sixfirhy hits you.
The sixfirhy shocks you!
* * * LOW HITPOINT WARNING * * *
You miss the sixfirhy. Your headbutt misses the sixfirhy.
The sixfirhy is almost dead.
The sixfirhy hits you!
You die...

.#[..#### ##.#
.#..)...#####..#
##.......#..#..#
.##.##...#..#..###+#+###
.##.###..##'#..#........
####.##..###...'.⌠......
##..##.†####...#...####
....##..###....#.⌠.#
#..##...##÷....#@..#
..##....#.)....#3###
.###..##.#.....#K: .#
#.. ####....#___ ▓▓ ▓▓▓
▓▓▓▓▓▓▓▓▓▓


You could see a kobold demonologist and a sixfirhy (summoned).

Levels and vault maps discovered:
D:        dungeon_sprint_mu [sprint_mu_entry_cave, sprint_mu_temple_rooms,
          sprint_mu_d1_horrors, sprint_mu_d2_genie, sprint_mu_d3_branching,
          sprint_mu_orc_legion, sprint_mu_elf_gauntlet, sprint_mu_hive_nellie,
          sprint_mu_lair_fedhas, sprint_mu_vaults_butterflies,
          sprint_mu_slime_circle, sprint_mu_swamp_cave, sprint_mu_snake_twists,
          sprint_mu_blade_basic, sprint_mu_crypt_chambers,
          sprint_mu_tomb_spiral, sprint_mu_vestibule_basic,
          sprint_mu_gehenna_hellfire, sprint_mu_dis_giant,
          sprint_mu_tartarus_statrot, sprint_mu_cocytus_islands, sprint_mu_zot1]

Notes
Turn   | Place    | Note
-------+----------+-------------------------------------------
     0 | D        | tbh1313 the Minotaur Berserker began the quest for the Orb.
     0 | D        | Reached XP level 1. HP: 19/19 MP: 0/0
     9 | D        | Reached skill level 4 in Maces & Flails
    12 | D        | Reached skill level 5 in Maces & Flails
    88 | D        | Noticed Jessica
    92 | D        | Killed Jessica
    92 | D        | Reached ** piety under Trog
    93 | D        | Reached skill level 8 in Maces & Flails
    93 | D        | Reached XP level 2. HP: 22/26 MP: 1/1
    93 | D        | Reached XP level 3. HP: 27/31 MP: 2/2
   152 | D        | Noticed Crazy Yiuf
   158 | D        | Killed Crazy Yiuf
   159 | D        | Reached skill level 9 in Maces & Flails
   161 | D        | Reached skill level 10 in Maces & Flails
   161 | D        | Reached XP level 4. HP: 39/39 MP: 3/3
   261 | D        | Noticed a water elemental
   266 | D        | Killed a water elemental
   266 | D        | Reached *** piety under Trog
   267 | D        | Reached skill level 12 in Maces & Flails
   267 | D        | Reached XP level 5. HP: 30/45 MP: 4/4
   370 | D        | Found a radiant altar of Vehumet.
   370 | D        | Found a shimmering blue altar of Sif Muna.
   370 | D        | Found an ancient bone altar of Kikubaaqudgha.
   373 | D        | Noticed a sixfirhy
   383 | D        | Slain by a sixfirhy

Table legend: (Time is in decaauts)
 A = Elapsed time spent in this place.
 B = Non-inter-level travel time spent in this place.
 C = Inter-level travel time spent in this place.
 D = Time resting spent in this place.
 E = Time spent auto-exploring this place.
 F = Levels seen in this place.
 G = Mean time per level.
                   A        B        C        D        E       F      G
               +--------+--------+--------+--------+--------+-----+--------+
         Total |    380 |    380 |      0 |    221 |     59 |   1 |  380.0 |
       Dungeon |    380 |    380 |      0 |    221 |     59 |   1 |  380.0 |
               +--------+--------+--------+--------+--------+-----+--------+

Top non-repeatable levels by time:
       D: 380 daAuts

Table legend:
 A = Kills in this place as a percentage of kills in entire the game.
 B = Kills by you in this place as a percentage of kills by you in the entire game.
 C = Kills by friends in this place as a percentage of kills by friends in the entire game.
 D = Other kills in this place as a percentage of other kills in the entire game.
 E = Experience gained in this place as a percentage of experience gained in the entire game.
 F = Experience gained in this place divided by the number of levels of this place that you have seen.
                   A       B       C       D       E      F
               +-------+-------+-------+-------+-------+----------------------
         Total | 100.0 | 100.0 |   N/A |   N/A | 100.0 | 196.0
       Dungeon | 100.0 | 100.0 |   N/A |   N/A | 100.0 | 196.0
               +-------+-------+-------+-------+-------+----------------------

Action                   |  1- 3 |  4- 6 || total
-------------------------+-------+-------++-------
Melee: Mace              |    12 |    15 ||    27
       Headbutt          |     2 |     2 ||     4
Invok: Berserk           |     1 |     1 ||     2
       Trog's Hand       |       |     1 ||     1
 Stab: Sleeping          |     1 |       ||     1
Armor: Ring mail         |       |     6 ||     6
Dodge: Dodged            |     4 |     2 ||     6

Vanquished Creatures
  A water elemental (D)
  Crazy Yiuf (D)
  Jessica (D)
  A human (D)
  2 endoplasms (D)
  A rat (D)
7 creatures vanquished.

Vanquished Creatures (others)
  2 plants (D)
2 creatures vanquished.

Grand Total: 9 creatures vanquished
